 Dungeon Crawl Stone Soup version 0.29.1-15-g9cfb28693d (webtiles) character file.

Game seed: 14283103854096456196

691 Arctor the Conjurer (level 7, -1/50 HPs)
             Began as a Demigod Conjurer on Feb 24, 2023.
             Killed by divine providence
             ... invoked by an orc priest
              (12 damage)
             ... on level 4 of the Dungeon.
             The game lasted 00:07:45 (4981 turns).

Arctor the Conjurer (Demigod Conjurer)              Turns: 4981, Time: 00:07:46

Health: -1/50      AC:  5    Str:  8    XL:     7   Next: 14%
Magic:  15/15      EV: 13    Int: 28    God:
Gold:   244        SH:  0    Dex: 12    Spells: 2/12 levels left

rFire   . . .      SeeInvis .   b - +2 dagger (venom)
rCold   . . .      Faith    .   (no shield)
rNeg    . . .      Spirit   .   i - +0 robe
rPois   .          Reflect  .   (no helmet)
rElec   .          Harm     .   (no cloak)
rCorr   .          Rampage  .   e - +2 pair of gloves
Will    .....                   (no boots)
Stlth   ++........              (no amulet)
HPRegen 0.16/turn               (no ring)
MPRegen 0.14/turn               (no ring)

@: no status effects
A: high MP 1, forlorn, divine attributes
a: no special abilities


You were on level 4 of the Dungeon.
You visited 1 branch of the dungeon, and saw 4 of its levels.

You collected 244 gold pieces.

Inventory:

Hand Weapons
 a - a +1 vorpal sling
 b - a +2 dagger of venom (weapon)
Armour
 e - a +2 pair of gloves (worn)
 i - a +0 robe (worn)
Wands
 j - a wand of polymorph (5)
 o - a wand of flame (23)
Scrolls
 c - a scroll of blinking
 d - 2 scrolls of teleportation
 g - 2 scrolls of silence
 h - a scroll of identify
 n - 2 scrolls of amnesia
Potions
 f - a potion of attraction
 l - a potion of lignification {unknown}
 m - a potion of resistance
 p - a potion of magic


   Skills:
 + Level 2.5 Ranged Weapons
 + Level 3.8 Dodging
 + Level 4.0 Stealth
 + Level 3.4 Spellcasting
 + Level 5.0 Conjurations


You had 2 spell levels left.
You knew the following spells:

 Your Spells              Type           Power      Damage    Failure   Level
a - Magic Dart            Conj           100%       1d8       1%          1
b - Searing Ray           Conj           66%        2d6       1%          2
c - Dazzling Flash        Conj/Hex       36%        N/A       9%          3
d - Iskenderun's Mystic   Conj/Tloc      18%        2d6       28%         4

Your spell library contained the following spells:

 Spells                   Type           Power      Damage    Failure   Level
 Conjure Flame            Conj/Fire      18%        6-21      9%          3
 Ignite Poison            Fire/Tmut/Pois 4%         N/A       24%         3
 Fulminant Prism          Conj/Hex       9%         3d7       28%         4
 Sticky Flame             Conj/Fire      18%        2d4       28%         4


Dungeon Overview and Level Annotations

Branches:
Dungeon (4/15)             Temple (0/1) D:4


Innate Abilities, Weirdness & Mutations

You have an increased reservoir of magic. (+10% MP)
You shall have no god before yourself.
Your divine heritage dramatically boosts your attributes as you level up.


Message History

An orc comes into view. It is wielding a +0 dagger.
You shoot a sling bullet.
The sling bullet closely misses the orc priest.
The sling bullet completely misses the orc.
The orc shouts!
You shoot a sling bullet. The sling bullet hits the orc priest.
The orc priest is lightly wounded.
The orc priest calls down the wrath of Beogh upon you.
You struggle to resist.
You shoot a sling bullet. The sling bullet hits the orc priest.
The orc priest is moderately wounded.
You shoot a sling bullet.
The sling bullet hits the orc priest but does no damage.
The orc priest is moderately wounded.
The orc priest hits you with a +0 flail.
Your +2 dagger of venom begins to drip with poison!
b - a +2 dagger of venom (weapon)
The orc priest hits you with a +0 flail.
You hit the orc priest but do no damage.
The orc priest is moderately wounded.
The orc priest hits you with a +0 flail.
An orc priest comes into view. It is wielding a +0 short sword.
You closely miss the orc priest.
The orc priest is moderately wounded.
The orc priest barely misses you.
You hit the orc priest.
The orc priest is poisoned.
The orc priest is heavily wounded.
The orc priest hits you with a +0 flail!
You are too injured to fight recklessly!
Unknown command.
You hit the orc priest.
The orc priest is severely wounded.
The orc priest hits you with a +0 flail!
* * * LOW HITPOINT WARNING * * *
Unknown command.
The orc priest attacks as you move away!
The orc priest misses you.
The orc priest mumbles some strange prayers to Beogh against you.
Beogh smites you!
You die...

######### ###########
#........
..#.......###.###########
..'.......'...>.@.oooo...
..#.......###..##########
..#.......# #..#
..#.......# #..#
..#...)...# #..#
..#.......# #..####
######....# #..<..#
.....#....# #..##.#
####.###### #..##.#


You could see 2 orc priests and 2 orcs.

Vanquished Creatures
  Grinder (D:3)
  A bullfrog (D:3)
  A necrophage (D:4)
  A scorpion (D:4)
  A jelly (D:4)
  An orc priest (D:4)
  Natasha (thrice) (D:4)
  An orc wizard (D:4)
  5 adders
  3 worms
  2 dart slugs
  4 orcs
  4 bats
  9 endoplasms
  3 giant cockroaches (D:1)
  6 goblins
  6 hobgoblins
  7 kobolds
  4 quokkas
  7 ball pythons
  5 frilled lizards
  7 rats
82 creatures vanquished.

Notes
Turn   | Place    | Note
-------+----------+-------------------------------------------
     0 | D:1      | Arctor the Demigod Conjurer began the quest for the Orb.
     0 | D:1      | Reached XP level 1. HP: 14/14 MP: 5/5
   279 | D:1      | Reached XP level 2. HP: 20/20 MP: 4/7
   331 | D:1      | Learned a level 2 spell: Searing Ray
  1078 | D:1      | Reached XP level 3. HP: 8/26 MP: 0/8
  1883 | D:2      | Reached skill level 4 in Conjurations
  2568 | D:3      | Learned a level 3 spell: Dazzling Flash
  2697 | D:3      | Noticed a bullfrog
  2711 | D:3      | Reached XP level 4. HP: 29/33 MP: 10/10
  2718 | D:3      | Killed a bullfrog
  2719 | D:3      | Reached skill level 1 in Ranged Weapons
  2958 | D:3      | Reached XP level 5. HP: 38/38 MP: 11/11
  2970 | D:3      | Noticed Grinder
  2975 | D:3      | Paralysed by Grinder for 5 turns
  2987 | D:3      | Killed Grinder
  2988 | D:3      | Reached XP level 6. HP: 31/45 MP: 1/13
  3539 | D:4      | Learned a level 4 spell: Iskenderun's Mystic Blast
  4059 | D:4      | Found a staircase to the Ecumenical Temple.
  4256 | D:4      | Noticed Natasha
  4261 | D:4      | Killed Natasha
  4321 | D:4      | Noticed Natasha
  4324 | D:4      | Reached XP level 7. HP: 50/50 MP: 11/15
  4324 | D:4      | Killed Natasha
  4325 | D:4      | Noticed Natasha
  4371 | D:4      | Killed Natasha
  4372 | D:4      | Reached skill level 5 in Conjurations
  4981 | D:4      | Killed from afar by an orc priest

Illustrated notes

Levels and vault maps discovered:
D:1:      dpeg_arrival_houses_and_road, layout_basic,
          dreamdust_ecumenical_altar_grove, grunt_decor_fettered, hex_large,
          st_stairs_9
D:2:      layout_loops_ring, basic_altar
D:3:      layout_loops_ring, mainiacjoe_overflow_cross_hatched,
          grunt_ministairs_15, uniq_grinder
D:4:      layout_basic, nicolae_ru_sacrificial_ziggurat, bloody_trog,
          temple_fountains, uniq_crazy_yiuf_cottage, uniq_natasha

Skill      XL: |  1  2  3  4  5  6  7 |
---------------+----------------------+-----
Stealth        | 2 3 4 |  4.0
Dodging        | 2 3 |  3.8
Spellcasting   | 2 3 |  3.4
Conjurations   | 4 5 |  5.0
Ranged Weapons | 1 2 |  2.5

Action                   |  1- 3 |  4- 6 |  7- 9 || total
-------------------------+-------+-------+-------++-------
Melee: Unarmed           |    54 |       |    19 ||    73
       Dagger            |       |    26 |    10 ||    36
       Sling             |       |     1 |       ||     1
       Punch             |       |       |     1 ||     1
 Fire: Sling             |    27 |    36 |     6 ||    69
 Cast: Magic Dart        |    88 |    24 |     4 ||   116
       Searing Ray       |     3 |     7 |       ||    10
       Iskenderun's Myst |       |     2 |       ||     2
  Use: Scroll            |     1 |       |     4 ||     5
       Potion            |       |       |     5 ||     5
 Stab: Sleeping          |       |       |     1 ||     1
Armor: Robe              |    34 |    13 |     2 ||    49
Dodge: Dodged            |    69 |    26 |    18 ||   113
